 Dungeon Crawl Stone Soup version 0.17-a0-1718-g72dbe4d (webtiles) character file.

372 urechis the Skirmisher (level 6, -4/50 HPs)
             Began as a Demonspawn Abyssal Knight on Aug 24, 2015.
             Was an Elder of Lugonu.
             Slain by a sky beast (6 damage)
             ... on level 3 of the Dungeon.
             The game lasted 00:07:01 (3933 turns).

urechis the Skirmisher (Demonspawn Abyssal Knight)  Turns: 3933, Time: 00:07:03

Health: -4/50      AC:  4    Str: 13    XL:     6   Next: 43%
Magic:  7/7        EV: 11    Int: 13    God:    Lugonu [****..]
Gold:   242        SH:  0    Dex: 14    Spells: 0 memorised, 5 levels left

rFire  . . .     SeeInvis .       - Unarmed
rCold  . . .     Clarity  .     b - +0 leather armour
rNeg   . . .     SustAt   .     (no shield)
rPois  .         Gourm    .     l - +0 helmet
rElec  .         Spirit   .     (no cloak)
rCorr  .         Warding  .     (no gloves)
rMut   .         Stasis   .     (no boots)
MR     .....                    (no amulet)
Stlth  +.........               (no ring)
                                (no ring)

@: lethally poisoned (-4 -> -15), flying, not resistant to hostile enchantments,
very unstealthy
A: claws 1, powered by death 1, powered by pain 1
a: Depart the Abyss, Bend Space, Banish, Corrupt, Renounce Religion


You were on level 3 of the Dungeon.
You worshipped Lugonu.
Lugonu was greatly pleased with you.
You were not hungry.

You visited 1 branch of the dungeon, and saw 4 of its levels.
You visited the Abyss 1 time.

You collected 242 gold pieces.

Inventory:

Armour
 b - a +0 leather armour (worn)
 l - a +0 helmet (worn)
Magical devices
 k - a wand of polymorph (14)
 u - a wand of fireball (6)
Scrolls
 d - 5 scrolls of enchant armour {unknown}
 f - a scroll of recharging {unknown}
 g - 11 scrolls of identify {unknown}
 h - a scroll of teleportation {unknown}
 j - 3 scrolls of remove curse {unknown}
 m - a scroll of fog {unknown}
 q - 2 scrolls of random uselessness {unknown}
Potions
 i - a potion of cancellation
 r - a potion of brilliance {unknown}
 t - a potion of poison
Comestibles
 a - 2 beef jerkies
 c - 3 bread rations
 n - a slice of pizza
 o - a royal jelly
 p - 2 meat rations
 v - 3 chunks of flesh


   Skills:
 + Level 4.8 Fighting
   Level 2.2 Long Blades
 - Level 1.7 Armour
 - Level 0.8 Dodging
 * Level 4.5 Unarmed Combat
 - Level 2.4 Invocations


You had 5 spell levels left.
You didn't know any spells.

Dungeon Overview and Level Annotations

Branches:
Dungeon (4/15)
 Temple: D:4-7

Altars:
Yredelemnul

Shops:
D:4 **


Innate Abilities, Weirdness & Mutations

You have sharp fingernails.
You regenerate a little health from kills.
You sometimes gain a little power by taking damage.


Message History

Drink which item? (? for menu, Esc to quit)
You feel better. Something barely misses you.
Drink which item? (? for menu, Esc to quit)
It was a potion of poison.
That liquid tasted very nasty...
You are lethally poisoned!
* * * LOW HITPOINT WARNING * * *
You feel sick. Something hits you.
* * * LOW HITPOINT WARNING * * *
Something shocks you.
* * * LOW HITPOINT WARNING * * *
Drink which item? (? for menu, Esc to quit)
It was a potion of flight.
You feel very buoyant.
You fly up into the air.
* * * LOW HITPOINT WARNING * * *
You feel sick. Something hits you.
* * * LOW HITPOINT WARNING * * *
Something shocks you.
You die...

..............######.#
.#########.##.# #.#
.........#.##.## #.#
####.....#.#...#####.##
#.........#........#
#.......#...#####..########
#...).####.##.>..........[#
###.###
#.##{###..######.#### #.#
####.##@###..######.....
#.#
#........##..........###
#.# #.##.##.......>......#
#.# #.##.##.####.........#
## #.# #....##.#
#..#####..### .#####.#
#.#####.# ##.# #.....
.#.....# #.# #.# #.# #..###
......####.# #.# #.# #..# #
...........# #.#
##.#####..# #


There were no monsters in sight!

Vanquished Creatures
  A centaur (D:4)
  A scorpion (D:4)
  2 orc priests
  Terence (D:2)
  A worker ant (D:4)
  Robin (D:2)
  A shadow imp (D:3)
  4 adders
  2 worms (D:4)
  7 orcs
  5 giant cockroaches
  8 hobgoblins
  7 jackals
  6 kobolds
  3 quokkas
  A ball python (D:1)
  8 bats
  4 giant newts
  18 goblins
  7 rats
88 creatures vanquished.

Notes
Turn   | Place    | Note
--------------------------------------------------------------
     0 | Abyss:1  | urechis the Demonspawn Abyssal Knight began the quest for the Orb.
     0 | Abyss:1  | Reached XP level 1. HP: 18/18 MP: 2/2
    16 | D:1      | Escaped the Abyss
   107 | D:1      | Gained mutation: You have sharp fingernails. [demonic ancestry]
   107 | D:1      | Reached XP level 2. HP: 9/24 MP: 3/3
   412 | D:1      | Acquired Lugonu's second power
   839 | D:1      | Reached skill level 1 in Unarmed Combat
   905 | D:1      | Reached XP level 3. HP: 16/29 MP: 4/4
  1491 | D:2      | Noticed Robin
  1763 | D:2      | Acquired Lugonu's third power
  1776 | D:2      | Killed Robin
  2069 | D:2      | Noticed Terence
  2075 | D:2      | Gained mutation: You sometimes gain a little power by taking damage. [demonic ancestry]
  2075 | D:2      | Reached XP level 4. HP: 36/36 MP: 5/5
  2089 | D:2      | Killed Terence
  2618 | D:3      | Reached skill level 4 in Fighting
  2618 | D:3      | Gained mutation: You regenerate a little health from kills. [demonic ancestry]
  2618 | D:3      | Reached XP level 5. HP: 14/42 MP: 6/6
  3172 | D:4      | Found Plog's Assorted Antiques.
  3194 | D:4      | Found a basalt altar of Yredelemnul.
  3403 | D:4      | Reached XP level 6. HP: 47/49 MP: 7/7
  3414 | D:4      | Acquired Lugonu's fourth power
  3422 | D:4      | Noticed a centaur
  3423 | D:4      | Found Joob's General Store.
  3439 | D:4      | Killed a centaur
  3513 | D:4      | Noticed a sky beast
  3933 | D:3      | HP: 2/50 [something (2)]
  3933 | D:3      | Slain by a sky beast

Vault maps used:
D:1:      dpeg_arrival_another_circle
D:2:      grunt_decor_fettered, uniq_robin, uniq_terence
D:3:      first_bread
D:4:      serial_shops, nicolae_shop_crystal, nicolae_shop_waterfront,
          portal_sewer_entry_b, lemuel_tele_altar

Action                   |  1- 3 |  4- 6 || total
-------------------------+-------+-------++-------
Melee: Falchion          |    22 |       ||    22
       Unarmed           |   140 |   165 ||   305
  Use: Potion            |       |     5 ||     5
 Stab: Confused          |       |     1 ||     1
       Sleeping          |       |     1 ||     1
  Eat: Chunk             |     4 |     6 ||    10
